 Dungeon Crawl Stone Soup version 0.29.1-13-g9f3cf754e1 (webtiles) character file.

Game seed: 4260360479828144184

2440 KittyFluff the Basher (level 9, -4/55 HPs)
             Began as a Gargoyle Berserker on Feb 5, 2023.
             Was a Priest of Trog.
             Slain by a slime creature (8 damage)
             ... on level 5 of the Dungeon.
             The game lasted 00:32:19 (7240 turns).

KittyFluff the Basher (Gargoyle Berserker)          Turns: 7240, Time: 00:32:19

Health: -4/55      AC: 27    Str: 21    XL:     9   Next: 49%
Magic:  9/9        EV: 11    Int:  8    God:    Trog [***...]
Gold:   226        SH: 14    Dex: 13    Spells: 8/8 levels left

rFire   + . .      SeeInvis +   A - +0 flail (protect)
rCold   + . .      Faith    .   w - +0 kite shield
rNeg    + . .      Spirit   .   l - +0 leather armour
rPois   ∞          Reflect  +   J - +2 helmet
rElec   +          Harm     .   t - scarf {rC+ rF+}
rCorr   .          Rampage  .   H - +0 pair of gloves
Will    .....                   E - +0 pair of boots
Stlth   ++........              C - amulet of reflection
HPRegen 0.18/turn               e - +4 ring of protection
MPRegen 0.11/turn               L - ring of see invisible

@: under a protective aura
A: sickness immunity, AC +6, negative energy resistance 1, electricity
resistance, torment resistance 1, petrification resistance
a: Renounce Religion, Berserk, Trog's Hand


You were on level 5 of the Dungeon.
You worshipped Trog.
Trog was most pleased with you.
You visited 1 branch of the dungeon, and saw 6 of its levels.

You collected 435 gold pieces.
You spent 209 gold pieces at shops.

Inventory:

Hand Weapons
 a - a +0 mace
 y - a +0 flail of venom
 A - a +0 flail of protection (weapon)
Missiles
 f - 44 stones (quivered)
 z - 3 atropa-tipped darts
 B - 15 poisoned darts
 O - 6 boomerangs
Armour
 c - a +0 scale mail
 k - a +0 cloak
 l - a +0 leather armour (worn)
 t - a scarf of resistance (worn)
 v - a +0 ring mail
 w - a +0 kite shield (worn)
 E - a +0 pair of boots (worn)
 H - a +0 pair of gloves (worn)
 J - a +2 helmet (worn)
Jewellery
 e - a +4 ring of protection (left hand)
 i - a ring of positive energy
 p - a ring of protection from fire
 C - an amulet of reflection (around neck)
 L - a ring of see invisible (right hand)
Wands
 G - a wand of flame (8)
Scrolls
 b - 4 scrolls of magic mapping
 g - a scroll of immolation
 j - 4 scrolls of teleportation {unknown}
 m - 2 scrolls of enchant armour {unknown}
 n - 4 scrolls of amnesia {unknown}
 q - 3 scrolls of fear {unknown}
 s - 2 scrolls of fog
 u - a scroll of blinking
 D - a scroll of vulnerability
 K - 3 scrolls of enchant weapon {unknown}
Potions
 d - 6 potions of curing {unknown}
 h - 2 potions of heal wounds
 o - a potion of mutation {unknown}
 r - a potion of flight {unknown}
 x - 3 potions of lignification {unknown}
 F - a potion of haste {unknown}
 I - a potion of attraction
 M - a potion of ambrosia {unknown}
 N - a potion of resistance {unknown}


   Skills:
 + Level 5.8 Fighting
 + Level 8.1 Maces & Flails
 * Level 6.5 Armour
 + Level 4.5 Dodging
 + Level 2.4 Stealth
 + Level 4.2 Shields


You had 8 spell levels left.
You didn't know any spells.
Your spell library was empty.

Dungeon Overview and Level Annotations

Branches:
Dungeon (6/15)             Temple (0/1) D:6

Altars:
Cheibriados
Elyvilon
Ru
Yredelemnul

Shops:
D:3 **

Annotations:
D:4 3 runed translucent doors, sigtrap's ghost, amateur KoBr


Innate Abilities, Weirdness & Mutations

You are immune to sickness and miasma.
Your stone body is resilient. (AC +6)
You are immune to poison.
You resist negative energy. (rN+)
You are resistant to electric shocks. (rElec)
You are resistant to unholy torment.
You are immune to petrification.


Message History

You hit the slime creature but do no damage.
Your weapon exudes an aura of protection.
The slime creature hits you but does no damage. x2
You barely miss the slime creature.
The slime creature hits you but does no damage.
You sock the slime creature!
The slime creature is lightly wounded.
The slime creature hits you but does no damage.
You hit the slime creature.
The slime creature is moderately wounded.
You block the slime creature's attack.
You hit the slime creature but do no damage.
The slime creature is lightly wounded.
You block the slime creature's attack.
You hit the slime creature.
The slime creature is moderately wounded.
The slime creature hits you but does no damage.
The slime creature barely misses you.
You hit the slime creature.
The slime creature is moderately wounded.
The slime creature hits you.
You sock the slime creature!
The slime creature is heavily wounded.
You block the slime creature's attack.
You hit the slime creature.
The slime creature is heavily wounded.
The slime creature hits you!
* * * LOW HITPOINT WARNING * * *
You barely miss the slime creature.
The slime creature is heavily wounded.
You block the slime creature's attack.
You barely miss the slime creature.
The slime creature is heavily wounded.
The slime creature hits you.
* * * LOW HITPOINT WARNING * * *
The slime creature hits you but does no damage.
You hit the slime creature.
The slime creature is heavily wounded.
The slime creature hits you!
You die...

..................##
................#..#
...................#
...................####
....[...............#.#
......)...............##
.......................#
......#...#.....J......#
...............!@......#
.#......#..##.........##
.##...#.....#........###
.).....................#
.###.................###
.##..#.#...............#
.....###...>..........##
#.#...###......###...####
#.#..#.##.......##..##..#


You could see a slime creature.

Vanquished Creatures
  A steam dragon (D:6)
  Menkaure (D:5)
  Duvessa (D:5)
  A water moccasin (D:6)
  An ice beast (D:6)
  A black bear (D:5)
  3 wolves (D:5)
  A centaur (D:6)
  2 ogres
  4 gnoll sergeants
  Dowan (D:5)
  A howler monkey (D:6)
  A gnoll bouda (D:5)
  8 hounds
  4 jellies (D:6)
  An orc priest (D:3)
  Terence (D:2)
  4 iguanas
  Ijyb (D:4)
  3 orc wizards
  6 adders
  19 gnolls
  A white imp (D:6)
  An ufetubus (D:6)
  2 worms (D:3)
  A dart slug (D:1)
  8 orcs
  A bat (D:3)
  2 endoplasms
  4 giant cockroaches
  5 goblins
  5 hobgoblins
  10 jackals (D:5)
  10 kobolds
  4 quokkas
  7 ball pythons
  3 frilled lizards (D:2)
  2 rats (D:2)
132 creatures vanquished.

Vanquished Creatures (others)
  5 fungi (D:6)
  4 plants (D:1)
9 creatures vanquished.

Grand Total: 141 creatures vanquished

Notes
Turn   | Place    | Note
-------+----------+-------------------------------------------
     0 | D:1      | KittyFluff the Gargoyle Berserker began the quest for the
                  | Orb.
     0 | D:1      | Reached XP level 1. HP: 14/14 MP: 1/1
   268 | D:1      | Reached XP level 2. HP: 13/19 MP: 2/2
   880 | D:2      | Reached XP level 3. HP: 24/24 MP: 3/3
   968 | D:2      | Noticed Terence
   984 | D:2      | Killed Terence
   993 | D:2      | Reached ** piety under Trog
   994 | D:2      | Reached XP level 4. HP: 28/29 MP: 4/4
  1113 | D:2      | Found a faded altar of an unknown god.
  1414 | D:2      | Found a sacrificial altar of Ru.
  1744 | D:3      | Reached skill level 4 in Maces & Flails
  1753 | D:3      | Reached XP level 5. HP: 20/33 MP: 5/5
  2207 | D:3      | Found Fegos's General Store.
  2216 | D:3      | Bought a potion of degeneration for 14 gold pieces
  2235 | D:3      | Found Huodun's General Store.
  2335 | D:4      | Noticed an ogre
  2344 | D:4      | HP: 2/49 [ogre/+0 giant club (7)]
  2345 | D:4      | Killed an ogre
  2346 | D:4      | Reached XP level 6. HP: 2/39 MP: 6/6
  2674 | D:4      | Found a white marble altar of Elyvilon.
  2750 | D:4      | Noticed Ijyb
  2751 | D:4      | Found a runed translucent gate.
  2760 | D:4      | Killed Ijyb
  2761 | D:4      | Reached skill level 1 in Stealth
  3081 | D:4      | Reached skill level 5 in Maces & Flails
  3229 | D:4      | Found a runed translucent gate.
  3230 | D:4      | Found a runed translucent gate.
  3235 | D:4      | Noticed sigtrap's ghost (amateur KoBr)
  3373 | D:3      | Bought a potion of attraction for 30 gold pieces
  3373 | D:3      | Bought a +2 helmet for 165 gold pieces
  3445 | D:5      | Entered Level 5 of the Dungeon
  3489 | D:5      | Noticed Duvessa
  3521 | D:5      | Noticed Dowan
  3941 | D:5      | Found a basalt altar of Yredelemnul.
  3941 | D:5      | Found a snail-covered altar of Cheibriados.
  4042 | D:5      | Reached XP level 7. HP: 31/44 MP: 7/7
  4579 | D:5      | Reached skill level 5 in Fighting
  4579 | D:5      | Reached skill level 6 in Maces & Flails
  4985 | D:5      | Reached skill level 5 in Armour
  4985 | D:5      | Reached skill level 1 in Shields
  4985 | D:5      | Reached XP level 8. HP: 25/49 MP: 8/8
  5255 | D:5      | Killed Dowan
  5255 | D:5      | Reached *** piety under Trog
  5263 | D:5      | Killed Duvessa
  5616 | D:5      | Noticed Menkaure
  5629 | D:5      | Killed Menkaure
  5630 | D:5      | Reached skill level 7 in Maces & Flails
  6193 | D:6      | Reached XP level 9. HP: 42/54 MP: 9/9
  6429 | D:6      | Found a staircase to the Ecumenical Temple.
  7085 | D:6      | Reached skill level 8 in Maces & Flails
  7240 | D:5      | Slain by a slime creature

Illustrated notes

Levels and vault maps discovered:
D:1:      kilobyte_arrival_exit_the_forest, layout_rooms, serial_bayou_lagoon_a
D:2:      kennysheep_big_flooded_room, layout_basic, basic_altar,
          shapermc_ecumenical_altar_mp_vishouse, chequers_serial_rivers_small_3,
          minmay_tetromino_i2, uniq_terence
D:3:      layout_rooms, serial_shops, nicolae_shop_crystal, shop_fountains
D:4:      layout_basic, elyvilon_altar_4, gammafunk_ghost_necromancy,
          due_unseen_surprise, uniq_ijyb
D:5:      layout_cave_pools, grunt_temple_overflow_open, serial_gnoll_camp,
          gnoll_camp_mini_doghouse, gnoll_camp_mini_doghouse,
          gnoll_camp_mini_house, gnoll_camp_huts_basic, uniq_duvessa,
          uniq_menkaure
D:6:      lemuel_slime, layout_basic, minmay_temple_entry_statues_pillars

Skill      XL: |  1  2  3  4  5  6  7  8  9 |
---------------+----------------------------+-----
Fighting       | 4 5 |  5.8
Maces & Flails | 4 5 6 7 8 |  8.1
Armour         | 3 4 5 6 |  6.5
Dodging        | 2 3 4 |  4.5
Stealth        | 1 2 |  2.4
Shields        | 1 3 4 |  4.2

Action                   |  1- 3 |  4- 6 |  7- 9 || total
-------------------------+-------+-------+-------++-------
Melee: Mace              |    62 |    69 |       ||   131
       Punch             |     2 |     2 |     2 ||     6
       Flail             |       |   125 |   425 ||   550
Invok: Berserk           |       |     2 |     3 ||     5
  Use: Scroll            |       |     6 |     1 ||     7
 Stab: Sleeping          |       |     1 |     1 ||     2
Armor: Animal skin       |    13 |       |       ||    13
       Leather armour    |    14 |   103 |   248 ||   365
Dodge: Dodged            |    27 |   125 |   241 ||   393
Block: Kite shield       |       |       |   189 ||   189
       Reflection        |       |       |     1 ||     1
